 Dungeon Crawl Stone Soup version 0.20.2-3-g29329e0561 (webtiles) character file.

3019 Alfie the Carver (level 9, -1/79 HPs)
             Began as a Minotaur Fighter on Nov 11, 2020.
             Slain by an orc warrior
             ... wielding a +0 trident
              (3 damage)
             ... on level 8 of the Dungeon.
             The game lasted 00:16:44 (4686 turns).

Alfie the Carver (Minotaur Fighter)                 Turns: 4686, Time: 00:16:47

Health: -1/79      AC: 14    Str: 25    XL:     9   Next: 55%
Magic:  8/8        EV: 15    Int:  5    God:
Gold:   427        SH: 12    Dex: 14    Spells: 8/8 levels left

rFire    . . .     SeeInvis +   a - +2 long sword
rCold    . . .     Gourm    .   c - +0 shield
rNeg     . . .     Faith    .   b - +0 scale mail
rPois    .         Spirit   .   (helmet restricted)
rElec    .         Reflect  .   G - +0 cloak
rCorr    .         Harm     .   z - +1 pair of gloves
MR       .....                  k - +1 pair of boots {run}
Stlth    +.........             (no amulet)
Regen    0.3/turn               j - ring of see invisible
MPRegen  0.2/turn               n - +5 ring of slaying

@: agile, very slightly contaminated, quick
A: retaliatory headbutt, horns 2
a: no special abilities


You were on level 8 of the Dungeon.
You were not hungry.

You visited 1 branch of the dungeon, and saw 8 of its levels.
You also visited: Sewer.

You collected 427 gold pieces.

Inventory:

Hand Weapons
 a - a +2 long sword (weapon)
Missiles
 e - 5 tomahawks of returning (quivered)
Armour
 b - a +0 scale mail (worn)
 c - a +0 shield (worn)
 k - a +1 pair of boots of running (worn)
 z - a +1 pair of gloves (worn)
 G - a +0 cloak (worn)
Jewellery
 i - an uncursed ring of resist corrosion {unknown}
 j - a ring of see invisible (left hand)
 l - an uncursed ring of protection from cold
 n - a +5 ring of slaying (right hand)
 q - the amulet of the Sunfish {Harm *Drain rN+ MP+9 Dex+4, unknown}
   (You found it on level 4 of the Dungeon)

   [amulet of harm]

   It increases damage dealt and taken.
   It affects your dexterity (+4).
   It protects you from negative energy.
   It affects your magic capacity (+9).
   It causes draining when unequipped.
Wands
 p - a wand of enslavement (14/24)
 r - a wand of flame (14/48)
 y - a wand of polymorph (5/24)
 H - a wand of disintegration (9/24)
Scrolls
 g - a scroll of fog
 o - 2 scrolls of teleportation
 w - 2 scrolls of identify
 x - a scroll of enchant armour {unknown}
 A - a scroll of blinking
 D - 3 scrolls of remove curse
Potions
 h - a potion of agility
 m - a potion of lignification
 t - 3 potions of heal wounds {unknown}
 v - a potion of cancellation
 C - a potion of flight
 E - a potion of brilliance {unknown}
 F - a potion of might
Books
 d - a book of Enchantments

   Spells                             Type                      Level
   a - Cause Fear                     Hexes                        4
   b - Yara's Violent Unravelling     Hexes/Transmutation          5
   c - Silence                        Hexes/Air                    5
   d - Deflect Missiles               Charms/Air                   6
   e - Discord                        Hexes                        8
Comestibles
 f - a bread ration
 s - a meat ration
 u - a royal jelly


   Skills:
 + Level 7.1 Fighting
 + Level 10.2 Long Blades
 + Level 7.9 Armour
 + Level 2.6 Dodging
 + Level 0.8 Stealth
 + Level 8.3 Shields


You had 8 spell levels left.
You didn't know any spells.

Dungeon Overview and Level Annotations

Branches:
Dungeon (8/15)             Temple (0/1) D:6
   Lair: D:8-11

Altars:
Fedhas
Gozag
Hepliaklqana
Nemelex Xobeh
Okawaru
Xom
Yredelemnul
Zin
The Shining One

Shops:
D:5 *   D:6 =


Innate Abilities, Weirdness & Mutations

You reflexively headbutt those who attack you in melee.
You have a pair of horns on your head.


Message History

The tomahawk of returning fails to return to your pack!
The orc warrior hits you from afar with a trident!
* * * LOW HITPOINT WARNING * * *
The phantom blinks!
You slash the hippogriff!
The hippogriff is heavily wounded.
You block the hippogriff's attack. The hippogriff completely misses you.
The hippogriff closely misses you. You block the orc warrior's attack.
You barely miss the hippogriff.
The hippogriff is heavily wounded.
The hippogriff bites you.
* * * LOW HITPOINT WARNING * * *
You block the hippogriff's attack. x2; The orc warrior barely misses you.
You hit the hippogriff.
The hippogriff is heavily wounded.
The giant cockroach waves its antennae.
The hippogriff bites you but does no damage.
You block the hippogriff's attack. The hippogriff closely misses you.
The orc warrior hits you from afar with a trident.
You die...

#.....s..#
#.........
#!.......#
#.....g.s#
#........g
#.....g...
##g..[.....g
###og#........
#@Hogs.#.####.
#####....#
.....# .#.#
... ##


You could see a hippogriff, an orc warrior, an orc wizard, 3 gnolls and a giant
cockroach.

Vanquished Creatures
  The ghost of Alfie the Slasher, a novice MiFi (D:5)
  The ghost of Alfie the Slasher, an amateur MiFi (D:4)
  Prince Ribbit (D:5)
  Sigmund (D:2)
  Eustachio (D:5)
  Menkaure (D:5)
  Edmund (D:5)
  An orc warrior (D:6)
  Purgy (D:3)
  The ghost of Alfie the Covered, an amateur MiFi (D:3)
  2 ogres (D:4)
  A phantom (D:4)
  A centaur (D:7)
  2 big kobolds (Sewer)
  A bullfrog (D:8)
  A gnoll sergeant (D:5)
  A scorpion (D:6)
  4 wights (D:7)
  A gnoll shaman (D:8)
  A hound (D:4)
  2 jellies (D:6)
  An iguana (D:6)
  Ijyb (D:5)
  3 worker ants
  5 orc wizards
  7 gnolls
  14 adders
  3 oozes
  An adder skeleton (D:7)
  2 worms
  3 dart slugs
  3 leopard geckos
  13 orcs
  A ball python (Sewer)
  7 giant cockroaches
  5 goblins
  3 hobgoblins
  8 jackals
  19 kobolds
  6 quokkas
  7 bats
  7 frilled lizards
  5 rats
151 creatures vanquished.

Vanquished Creatures (others)
  An orc wizard (D:6)
1 creature vanquished.

Grand Total: 152 creatures vanquished

Notes
Turn   | Place    | Note
-------+----------+-------------------------------------------
     0 | D:1      | Alfie the Minotaur Fighter began the quest for the Orb.
     0 | D:1      | Reached XP level 1. HP: 19/19 MP: 0/0
   150 | D:1      | Reached XP level 2. HP: 11/27 MP: 1/1
   369 | D:1      | Identified a +1 pair of boots of running (You found it on level 1 of the Dungeon)
   496 | D:1      | Reached XP level 3. HP: 33/33 MP: 2/2
   817 | D:2      | Reached XP level 4. HP: 34/40 MP: 3/3
   828 | D:2      | Reached skill level 3 in Long Blades
   839 | D:2      | Found a sparkling altar of Nemelex Xobeh.
   902 | D:2      | Found an iron altar of Okawaru.
  1033 | D:2      | Noticed Sigmund
  1039 | D:2      | Killed Sigmund
  1039 | D:2      | Reached skill level 4 in Long Blades
  1039 | D:2      | Reached skill level 5 in Shields
  1039 | D:2      | Reached XP level 5. HP: 40/47 MP: 4/4
  1043 | D:2      | Reached skill level 5 in Armour
  1131 | D:2      | Reached XP level 6. HP: 53/53 MP: 5/5
  1319 | D:3      | Noticed Purgy
  1334 | D:3      | Killed Purgy
  1334 | D:3      | Reached skill level 5 in Long Blades
  1371 | D:3      | Found a hazy altar of Hepliaklqana.
  1371 | D:3      | Noticed Alfie's ghost (amateur MiFi)
  1399 | D:3      | Killed Alfie's ghost
  2277 | D:4      | Reached skill level 1 in Dodging
  2277 | D:4      | Reached XP level 7. HP: 49/60 MP: 6/6
  2358 | D:4      | Noticed Alfie's ghost (amateur MiFi)
  2377 | D:4      | Killed Alfie's ghost
  2377 | D:4      | Reached skill level 5 in Fighting
  2377 | D:4      | Reached skill level 6 in Long Blades
  2532 | D:4      | Found a basalt altar of Yredelemnul.
  2622 | D:4      | Got a smoking ruby amulet
  2664 | D:4      | Reached skill level 7 in Long Blades
  2740 | D:4      | Reached XP level 8. HP: 62/68 MP: 7/7
  2811 | D:4      | Noticed an angel
  2812 | D:4      | Found a glowing silver altar of Zin.
  2862 | D:5      | Entered Level 5 of the Dungeon
  2907 | D:5      | Noticed Alfie's ghost (novice MiFi)
  2920 | D:5      | Killed Alfie's ghost
  2920 | D:5      | Reached skill level 8 in Long Blades
  2927 | D:5      | Found an opulent altar of Gozag.
  2927 | D:5      | Found Gozag's Platinum Reserve.
  2929 | D:5      | Noticed Prince Ribbit
  2939 | D:5      | Killed Prince Ribbit
  2948 | D:5      | Noticed Eustachio
  3018 | D:5      | Found a blossoming altar of Fedhas.
  3060 | D:5      | Noticed Menkaure
  3066 | D:5      | Killed Menkaure
  3179 | D:5      | Noticed Edmund
  3188 | D:5      | Killed Edmund
  3188 | D:5      | Reached skill level 9 in Long Blades
  3202 | D:5      | Noticed Ijyb
  3211 | D:5      | Killed Ijyb
  3287 | D:5      | Killed Eustachio
  3287 | D:5      | Reached XP level 9. HP: 75/75 MP: 8/8
  3739 | D:6      | Found a glowing drain.
  3748 | Sewer    | Entered a sewer
  4110 | D:6      | Found a glowing golden altar of the Shining One.
  4147 | D:6      | Found Duofrip's Jewellery Boutique.
  4207 | D:6      | Found a shimmering altar of Xom.
  4327 | D:6      | Found a staircase to the Ecumenical Temple.
  4388 | D:6      | Found a sparkling altar of Nemelex Xobeh.
  4564 | D:7      | Reached skill level 10 in Long Blades
  4685 | D:8      | HP: 2/79 [hippogriff (4)]
  4686 | D:8      | Slain by an orc warrior

Skill      XL: |  1  2  3  4  5  6  7  8  9 |
---------------+----------------------------+-----
Armour         | 4 5 6 7 |  7.9
Shields        | 4 5 6 7 8 |  8.3
Fighting       | 4 5 6 7 |  7.1
Long Blades    | 4 5 7 9 10 | 10.2
Dodging        | 1 2 |  2.6
Stealth        | |  0.8

Action                   |  1- 3 |  4- 6 |  7- 9 || total
-------------------------+-------+-------+-------++-------
Melee: Long sword        |    55 |   100 |   227 ||   382
       Headbutt          |    11 |    17 |    35 ||    63
Throw: Tomahawk          |       |       |     1 ||     1
  Use: Scroll            |     3 |     7 |     9 ||    19
       Potion            |       |     7 |     2 ||     9
  Eat: Fruit             |       |     3 |     5 ||     8
       Bread ration      |       |     1 |       ||     1
Armor: Scale mail        |    28 |    41 |    86 ||   155
       Skin              |       |     7 |       ||     7
Dodge: Dodged            |    16 |    40 |    58 ||   114
Block: Shield            |    27 |    55 |   124 ||   206
       Rpst.: Long sword |     7 |    10 |    12 ||    29
